 Dungeon Crawl Stone Soup version 0.19.5 (webtiles) character file.

79 Lizzreth the Slasher (level 4, -1/35 HPs)
             Began as a Demonspawn Abyssal Knight on Mar 20, 2017.
             Was a Believer of Lugonu.
             Slain by a gnoll
             ... wielding a +0 spear
              (7 damage)
             ... on level 2 of the Dungeon.
             The game lasted 00:05:31 (1024 turns).

Lizzreth the Slasher (Demonspawn Abyssal Knight)    Turns: 1024, Time: 00:05:32

Health: -1/35      AC: 15    Str: 12    XL:     4   Next: 17%
Magic:  5/5        EV: 11    Int: 13    God:    Lugonu [**....]
Gold:   56         SH:  0    Dex: 14    Spells: 0 memorised, 3 levels left

rFire  . . .     SeeInvis .     l - +0 falchion (protect)
rCold  . . .     Gourm    .     b - +0 leather armour
rNeg   . . .     Faith    .     (no shield)
rPois  .         Spirit   .     h - +1 helmet
rElec  .         Reflect  .     e - +2 cloak
rCorr  .         Harm     .     (no gloves)
MR     .....                    (no boots)
Stlth  ++........               (no amulet)
                                (no ring)
                                k - ring of stealth

@: protection aura
A: hooves 1
a: Depart the Abyss, Bend Space, Renounce Religion


You were on level 2 of the Dungeon.
You worshipped Lugonu.
Lugonu was pleased with you.
You were hungry.

You visited 1 branch of the dungeon, and saw 2 of its levels.
You visited the Abyss 1 time.

You collected 56 gold pieces.

Inventory:

Hand Weapons
 a - a +1 falchion
 l - a +0 falchion of protection (weapon)
Armour
 b - a +0 leather armour (worn)
 e - a +2 cloak (worn)
 h - a +1 helmet (worn)
Jewellery
 k - a ring of stealth (left hand)
Scrolls
 g - a scroll of remove curse {unknown}
 i - a scroll of identify {unknown}
 p - a scroll of noise {unknown}
Potions
 d - a potion of magic {unknown}
 f - 2 potions of berserk rage {unknown}
 m - a potion of heal wounds {unknown}
 o - a potion of brilliance {unknown}
 q - a potion of curing {unknown}
Comestibles
 c - a bread ration
 j - 8 fruits
 n - a meat ration


   Skills:
 - Level 3.0 Fighting
 + Level 4.0 Long Blades
 - Level 1.7 Armour
 - Level 0.8 Dodging
 - Level 2.4 Invocations


You had 3 spell levels left.
You didn't know any spells.

Dungeon Overview and Level Annotations

Branches:
Dungeon (2/15)

Altars:
Okawaru


Innate Abilities, Weirdness & Mutations

You have large cloven feet.


Message History

You hit the gnoll but do no damage. You kick the gnoll, but do no damage.
The gnoll hits you but does no damage.
You closely miss the gnoll. The gnoll misses you.
You hit the gnoll but do no damage. You kick the gnoll, but do no damage.
The gnoll hits you with a spear!
* * * LOW HITPOINT WARNING * * *
You are too injured to fight recklessly!
You are too injured to fight recklessly!
You are too injured to fight recklessly!
You are too injured to fight recklessly!
You are too injured to fight recklessly!
You hit the gnoll.
The gnoll is heavily wounded.
The gnoll completely misses you.
You riposte.
You hit the gnoll. You kick the gnoll, but do no damage.
The gnoll is heavily wounded.
You hit the gnoll but do no damage.
The gnoll is heavily wounded.
The gnoll barely misses you. The gnoll hits you with a spear!
You die...

#.# ###.## ).
#..####### . #.#
##.......#.. ..##
#######..g. ..#
##.g..## #.#
#..##.# #.# ##.##
.# #)### ####..#
..
####@).###..g.##
##.
#.....g......#####
#
#########........#
#....##......#
................
#.......$........
..#####...#......
. ..........
#..........


You could see a gnoll.

Vanquished Creatures
  3 gnolls (D:2)
  An adder (D:2)
  2 dart slugs (D:1)
  A ball python (D:2)
  9 bats
  4 giant cockroaches
  A goblin (D:1)
  4 hobgoblins
  9 frilled lizards
  4 kobolds (D:1)
  5 rats
43 creatures vanquished.

Notes
Turn   | Place    | Note
-------+----------+-------------------------------------------
     0 | Abyss:1  | Lizzreth the Demonspawn Abyssal Knight began the quest for the Orb.
     0 | Abyss:1  | Reached XP level 1. HP: 18/18 MP: 2/2
    34 | Abyss:1  | Found a corrupted altar of Lugonu.
    43 | D:1      | Escaped the Abyss
    72 | D:1      | Reached skill level 2 in Long Blades
   246 | D:1      | Gained mutation: You have large cloven feet. [demonic ancestry]
   246 | D:1      | Reached XP level 2. HP: 18/24 MP: 3/3
   643 | D:1      | Reached skill level 3 in Long Blades
   650 | D:1      | Reached ** piety under Lugonu
   776 | D:1      | Reached XP level 3. HP: 24/29 MP: 4/4
   906 | D:2      | Found an iron altar of Okawaru.
  1014 | D:2      | Reached XP level 4. HP: 17/35 MP: 5/5
  1018 | D:2      | Reached skill level 4 in Long Blades
  1024 | D:2      | Slain by a gnoll

Skill      XL: |  1  2  3  4 |
---------------+-------------+-----
Long Blades    | 2 3 4 |  4.0
Fighting       | |  3.0
Armour         | |  1.7
Dodging        | |  0.8
Invocations    | |  2.4

Action                   |  1- 3 |  4- 6 || total
-------------------------+-------+-------++-------
Melee: Falchion          |   114 |     9 ||   123
       Kick              |    16 |     4 ||    20
Armor: Leather armour    |    54 |     4 ||    58
Dodge: Dodged            |    82 |     6 ||    88
       Rpst.: Falchion   |    19 |     1 ||    20
